 Dungeon Crawl Stone Soup version 0.27.1-35-g4d5d836560 (console) character file.

Game seed: 13652549148630439276

642 Banquo the Cleaver (level 7, 0/69 HPs)
             Began as a Formicid Fighter on Feb 22, 2022.
             Was a Follower of Ru.
             Slain by a troll (1 damage)
             ... on level 7 of the Dungeon.
             The game lasted 00:15:45 (3375 turns).

Banquo the Cleaver (Formicid Fighter)               Turns: 3375, Time: 00:15:47

Health: 0/69       AC: 27    Str: 22    XL:     7   Next: 81%
Magic:  7/7        EV:  2    Int:  8    God:    Ru [*.....]
Gold:   90         SH: 10    Dex: 10    Spells: 6/6 levels left

rFire    . . .     SeeInvis .   a - +1 war axe
rCold    . . .     Faith    .   c - +1 kite shield
rNeg     + + +     Spirit   .   (armour currently unavailable)
rPois    +         Reflect  .   (helmet unavailable)
rElec    .         Harm     .   (cloak currently unavailable)
rCorr    .         Rampage  .   (gloves currently unavailable)
Will     .....                  (boots currently unavailable)
Stlth    +.........             n - amulet of magic regeneration
HPRegen  0.21/turn              e - ring of flight
MPRegen  0.35/turn              A - +4 ring of protection

@: mighty, brilliant, tree-form, unable to read
A: stationary, stasis, torment immunity, boosted hp, permanent stasis, dig
shafts and tunnels, (antennae 3), inability to read while threatened, four
strong arms, frail 1, (electricity resistance)
a: Renounce Religion


You were on level 7 of the Dungeon.
You worshipped Ru.
Ru was aware of your devotion.
You were a tree.
You visited 1 branch of the dungeon, and saw 6 of its levels.

You collected 120 gold pieces.
You spent 30 gold pieces at shops.

Inventory:

Hand Weapons
 a - a +1 war axe (weapon)
Missiles
 q - 39 stones (quivered)
 r - 11 poisoned darts
Armour
 b - a +0 scale mail (melded)
 c - a +1 kite shield (worn)
Magical Staves
 o - a staff of fire
Jewellery
 e - a ring of flight (left branch)
 i - a +6 ring of intelligence
 n - an amulet of magic regeneration (around neck)
 t - a ring of wizardry
 A - a +4 ring of protection (right branch)
Wands
 u - a wand of flame (13)
Scrolls
 g - a scroll of immolation
 j - a scroll of noise
 m - a scroll of enchant armour
Potions
 f - 2 potions of flight
 p - a potion of brilliance


   Skills:
 - Level 3.2 Fighting
 * Level 8.2 Axes
 - Level 3.2 Armour
 - Level 3.6 Shields


You had 6 spell levels left.
You didn't know any spells.
Your spell library contained the following spells:

 Spells                   Type           Power      Damage    Failure   Level
 Static Discharge         Conj/Air       0%         N/A       91%         2
 Dispel Undead            Necr           0%         3d6       100%        4
 Sticky Flame             Conj/Fire      0%         2d3       100%        4


Dungeon Overview and Level Annotations

Branches:
Dungeon (4/15)
 Temple: D:4-7

Altars:
Cheibriados
Dithmenos
Ru
Xom

Shops:
D:1 *

Annotations:
D:3 2 transporters, makewrite's ghost, amateur MiAK
D:4 Dowan; Robin
D:5 Eustachio


Innate Abilities, Weirdness & Mutations

You are a tree.
Your roots penetrate the ground, keeping you stationary.
You cannot be teleported.
You are immune to unholy pain and torment.
Your maximum health is greatly increased.
Your equipment is partially melded.
You cannot be hasted, slowed, berserked, paralysed or teleported.
You can dig through walls and to a lower floor.
((You have a pair of large antennae on your head. (SInv)))
You sometimes lose the ability to read scrolls when taking damage.
Your four strong arms can wield two-handed weapons with a shield.
You are frail. (-10% HP)
((You are resistant to electric shocks. (rElec)))


Message History

Found 13 stones.
Unknown command.
Are you sure you want to shaft yourself?
Eustachio twirls his moustache.
You begin to dig a shaft.
You continue digging a shaft.
Eustachio gestures wildly while chanting.
A shaft appears beneath you!
You are sucked into a shaft and drop 2 floors!
The shaft crumbles and collapses.
The troll shouts!
Found a scale mail and a scroll labelled AVUIVU CAH NUR.
Found a stone staircase leading down.
Unknown command.
Okay, then.
It was a potion of haste.
Your stasis prevents you from being hasted.
It was a potion of mutation.
You feel extremely strange.
You feel frail.
You feel insulated.
It was a potion of lignification.
You turn into a tree.
Your +0 scale mail melds into your body.
Your roots penetrate the ground.
You block the troll's attack. x2
The troll claws you but does no damage.
You feel very mighty all of a sudden. The troll bites you but does no damage.
You block the troll's attack. x2
You slash the troll!
The troll is moderately wounded.
The troll bites you but does no damage.
The troll claws you but does no damage. x2
You hit the troll.
The troll is moderately wounded.
You redirect the troll's attack!
The troll closely misses itself.
The troll claws itself.
The troll claws itself!
You barely miss the troll.
The troll is severely wounded.
You block the troll's attack.
The troll claws you but does no damage. x2
The troll bites you.
You feel threatened and lose the ability to read scrolls!
* * * LOW HITPOINT WARNING * * *
The troll claws you but does no damage. The troll claws you.
You die...

#.# ###..
#######...####
#............##
.............?#
...............
............[..
.......♣T......
...............
>..............
..............#
...............
......##....#..
###... ..### .
..## ...


You could see a troll.

Vanquished Creatures
  Grinder (D:3)
  Sigmund (D:3)
  Duvessa (D:4)
  A jelly (D:4)
  Ijyb (D:3)
  2 adders
  3 gnolls (D:2)
  2 worms (D:2)
  A dart slug (D:1)
  3 orcs (D:4)
  8 ball pythons
  2 endoplasms (D:2)
  2 giant cockroaches (D:1)
  11 goblins
  11 hobgoblins
  6 jackals (D:1)
  8 kobolds
  5 quokkas
  5 bats
  4 frilled lizards
  A quokka skeleton (D:2)
  7 rats
86 creatures vanquished.

Vanquished Creatures (others)
  16 plants
16 creatures vanquished.

Grand Total: 102 creatures vanquished

Notes
Turn   | Place    | Note
-------+----------+-------------------------------------------
     0 | D:1      | Banquo the Formicid Fighter began the quest for the Orb.
     0 | D:1      | Reached XP level 1. HP: 18/18 MP: 1/1
   304 | D:1      | Reached XP level 2. HP: 24/24 MP: 2/2
   444 | D:1      | Reached skill level 3 in Axes
   472 | D:1      | Reached XP level 3. HP: 29/29 MP: 3/3
   554 | D:1      | Found Wuwiogegitt's General Store.
   570 | D:1      | Bought a scroll of identify for 20 gold pieces
   570 | D:1      | Bought a scroll of noise for 10 gold pieces
   690 | D:1      | Found a faded altar of an unknown god.
   692 | D:1      | Became a worshipper of Ru the Awakened
   705 | D:1      | Gained mutation: You sometimes lose the ability to read
                  | scrolls when taking damage. [Ru sacrifice]
   705 | D:1      | Reached * piety under Ru
  1128 | D:2      | Found a shadowy altar of Dithmenos.
  1236 | D:2      | Reached skill level 4 in Axes
  1236 | D:2      | Reached XP level 4. HP: 26/35 MP: 4/4
  1751 | D:2      | Reached XP level 5. HP: 38/41 MP: 5/5
  2107 | D:3      | Noticed Sigmund
  2234 | D:3      | Found a snail-covered altar of Cheibriados.
  2265 | D:3      | Noticed Grinder
  2289 | D:3      | Killed Grinder
  2290 | D:3      | Reached skill level 6 in Axes
  2290 | D:3      | Reached XP level 6. HP: 26/47 MP: 6/6
  2441 | D:3      | Identified the +10 halberd "Veorghy" {venom, +Blink rN+
                  | Will+ Int+2}
  2446 | D:3      | Noticed makewrite's ghost (amateur MiAK)
  2532 | D:3      | Found a transporter.
  2533 | D:3      | Found a transporter.
  2662 | D:3      | Killed Sigmund
  2663 | D:3      | Reached skill level 7 in Axes
  2663 | D:3      | Reached XP level 7. HP: 45/52 MP: 7/7
  2846 | D:3      | Found a shimmering altar of Xom.
  2879 | D:3      | Noticed Ijyb
  2897 | D:3      | Killed Ijyb
  3302 | D:4      | Noticed Robin
  3324 | D:4      | Noticed Duvessa
  3324 | D:4      | Noticed Dowan
  3346 | D:4      | Killed Duvessa
  3347 | D:4      | Reached skill level 8 in Axes
  3364 | D:4      | HP: 2/52 [Dowan (2)]
  3365 | D:4      | You are sucked into a shaft and drop 1 floor!
  3365 | D:5      | Entered Level 5 of the Dungeon
  3365 | D:5      | Noticed Eustachio
  3368 | D:5      | You are sucked into a shaft and drop 2 floors!
  3368 | D:7      | Noticed a troll
  3370 | D:7      | Gained mutation: You are frail. (-10% HP) [potion of
                  | mutation]
  3370 | D:7      | Gained mutation: You are resistant to electric shocks.
                  | (rElec) [potion of mutation]
  3375 | D:7      | HP: 1/69 [troll (5)]
  3375 | D:7      | Slain by a troll

Illustrated notes

Levels and vault maps discovered:
D:1:      amcnicky_arrival_underground_garden, layout_loops_cross,
          chequers_ecumenical_altar_twisty, serial_shops, shop
D:2:      minmay_skewed_foursquare, layout_loops_ring, basic_altar,
          serial_bayou_lagoon_b
D:3:      layout_loops_ring, marbit_many_paths,
          mainiacjoe_overflow_six_doors_small, gammafunk_ghost_gnarly_gnolls,
          uniq_sigmund, uniq_grinder, uniq_ijyb
D:4:      layout_cave_pods, enter_ossuary_3, uniq_duvessa, uniq_robin
D:5:      layout_rooms, grunt_ministairs_7, uniq_eustachio, uniq_edmund
D:7:      layout_rooms, minmay_temple_entry_tees, uniq_maggie, uniq_pikel

Skill      XL: |  1  2  3  4  5  6  7 |
---------------+----------------------+-----
Axes           | 3 4 6 7 8 |  8.2
Fighting       | |  3.2
Armour         | |  3.2
Shields        | |  3.6

Action                   |  1- 3 |  4- 6 |  7- 9 || total
-------------------------+-------+-------+-------++-------
Melee: War axe           |    94 |   109 |    72 ||   275
Throw: Stone             |       |    46 |       ||    46
       Dart              |       |    14 |       ||    14
Invok: Sacrifice Words   |     1 |       |       ||     1
 Abil: Dig               |     1 |     3 |     5 ||     9
       Shaft Self        |       |       |     2 ||     2
  Use: Scroll            |     3 |       |     3 ||     6
       Potion            |       |       |     5 ||     5
Armor: Scale mail        |    44 |    48 |    21 ||   113
       Skin              |       |       |     8 ||     8
Dodge: Dodged            |    28 |    37 |    13 ||    78
Block: Kite shield       |    53 |    45 |    30 ||   128
